 Dungeon Crawl Stone Soup version 0.17-a0-1534-gf98da79 (webtiles) character file.

700 Alipheese the Spear-Bearer (level 7, -3/62 HPs)
             Began as a Naga Fighter on July 17, 2015.
             Slain by an orc priest
             ... wielding a +0 mace
              (4 damage)
             ... on level 5 of the Dungeon.
             The game lasted 00:10:37 (5451 turns).

Alipheese the Spear-Bearer (Naga Fighter)           Turns: 5451, Time: 00:10:37

Health: -3/62      AC:  5    Str: 23      XL:     7   Next: 65%
Magic:  16/16      EV:  5    Int:  6 (10) God:
Gold:   50         SH: 10    Dex: 11      Spells: 0 memorised, 6 levels left

rFire  + . .     SeeInvis +     a - +2 trident
rCold  . . .     Clarity  .     b - +0 scale mail
rNeg   . . .     SustAt   .     c - +1 shield
rPois  +         Gourm    .     (no helmet)
rElec  .         Spirit   .     (no cloak)
rCorr  .         Warding  .     (no gloves)
rMut   .         Stasis   .     (no barding)
MR     .....                    (no amulet)
Stlth  ..........               w - ring of protection from fire
                                v - ring of magical power

@: mighty, lethally poisoned (-3 -> -5), flying, very slow, not resistant to
hostile enchantments, extremely unstealthy
A: see invisible, deformed body, poison resistance, slowness 2, slow metabolism
1, spit poison 2, AC +2
a: Spit Poison


You were on level 5 of the Dungeon.
You were near starving.

You visited 1 branch of the dungeon, and saw 5 of its levels.

You collected 50 gold pieces.

Inventory:

Hand weapons
 a - a +2 trident (weapon)
 m - a +0 blowgun
Missiles
 e - 104 stones (quivered)
 u - 39 poisoned needles
Armour
 b - a +0 scale mail (worn)
 c - a +1 shield (worn)
Jewellery
 f - an uncursed ring of wizardry
 v - a ring of magical power (left hand)
 w - a ring of protection from fire (right hand)
Scrolls
 i - a scroll of recharging
 j - 4 scrolls of identify
 n - a scroll of remove curse
 p - 3 scrolls of teleportation
 y - a scroll of fog
 z - a scroll of random uselessness {unknown}
Books
 r - a Necronomicon

   Spells                             Type                      Level
   a - Haunt                          Necromancy/Summoning         7
   b - Borgnjor's Revivification      Necromancy                   8
   c - Death's Door                   Charms/Necromancy            8
   d - Necromutation                  Transmutation/Necromancy     8
Comestibles
 g - 7 fruits
 h - a royal jelly
 k - 3 meat rations
 l - 3 slices of pizza
 q - a beef jerky
 s - 4 bread rations


   Skills:
 - Level 3.0 Fighting
 + Level 8.4 Polearms
 - Level 2.4 Armour
 - Level 2.4 Shields


You had 6 spell levels left.
You didn't know any spells.

Dungeon Overview and Level Annotations

Branches:
Dungeon (5/15)
 Temple: D:4-7

Altars:
Elyvilon

Shops:
D:4 (

Annotations:
D:2 exclusion: downstairs


Innate Abilities, Weirdness & Mutations

You cannot wear boots.
Your serpentine skin is tough (AC +2).
You have supernaturally acute eyesight.
Armour fits poorly on your strangely shaped body.
Your system is resistant to poisons.
You cover ground very slowly.
You have a slow metabolism.
You can spit poison.


Message History

You block the orc's attack. The orc priest hits you.
* * * LOW HITPOINT WARNING * * *
The orc hits you but does no damage.
Drink which item? (? for menu, Esc to quit)
It was a potion of degeneration.
There was something very wrong with that liquid.
You feel dopey.
The orc priest looks more healthy.
The orc hits you but does no damage.
The orc priest hits you but does no damage.
The orc hits you.
* * * LOW HITPOINT WARNING * * *
Read which item? (? for menu, Esc to quit)
Okay, then.
You impale the orc priest!!
You kill the orc priest!
* * * LOW HITPOINT WARNING * * *
You feel sick. The orc barely misses you. You block the orc's attack.
Unknown command.
You closely miss the orc priest. The orc priest hits you with a mace.
You die...

..##..... #..#
......... #..#
......... #..#
........#### ##.##
...........####..####.
......................#
.#...o.########......#
####oo# #....##[ ##@#
....## #...........##
#...........# .......##
... .##..### .# #.. #
#.. ...


You could see an orc priest and 2 orcs.

Vanquished Creatures
  A phantom (D:4)
  An ogre (D:4)
  A giant frog (D:4)
  An orc priest (D:5)
  2 orc wizards (D:3)
  3 worker ants (D:4)
  A giant frog skeleton (D:4)
  2 hound skeletons (D:4)
  6 adders
  6 gnolls
  An ooze (D:1)
  2 worms
  3 giant geckos
  11 orcs
  11 bats
  15 goblins
  10 hobgoblins
  4 quokkas
  2 ball pythons
  A ball python skeleton (D:4)
  6 giant cockroaches
  3 giant newts (D:1)
  4 jackals (D:2)
  12 kobolds
  43 rats
152 creatures vanquished.

Notes
Turn   | Place    | Note
--------------------------------------------------------------
     0 | D:1      | Alipheese the Naga Fighter began the quest for the Orb.
     0 | D:1      | Reached XP level 1. HP: 21/21 MP: 1/1
   381 | D:1      | Reached XP level 2. HP: 26/28 MP: 2/2
   760 | D:1      | Reached XP level 3. HP: 24/34 MP: 3/3
  1654 | D:2      | Reached skill level 4 in Polearms
  1674 | D:2      | Reached XP level 4. HP: 30/42 MP: 4/4
  2243 | D:2      | Reached skill level 5 in Polearms
  2246 | D:2      | Reached XP level 5. HP: 47/49 MP: 5/5
  3442 | D:3      | Reached skill level 6 in Polearms
  3442 | D:3      | Reached XP level 6. HP: 32/56 MP: 6/6
  3722 | D:3      | Found a white marble altar of Elyvilon.
  4386 | D:4      | Reached skill level 7 in Polearms
  4386 | D:4      | Reached XP level 7. HP: 27/62 MP: 7/7
  4702 | D:4      | Found Tytinkyri's Weapon Boutique.
  4709 | D:4      | Reached skill level 8 in Polearms
  5389 | D:5      | Entered Level 5 of the Dungeon
  5449 | D:5      | HP: 1/62 [orc (4)]
  5451 | D:5      | Slain by an orc priest

Vault maps used:
D:1:      dpeg_arrival_brainrot, kennysheep_boxes
D:2:      first_bread, minmay_rats_cheesy_pizza
D:3:      elyvilon_altar_4
D:4:      serial_shops, nicolae_shop_window_shopping
D:5:      corexii_shantytown, nicolae_qazlal_style_of_elements

Action                   |  1- 3 |  4- 6 |  7- 9 || total
-------------------------+-------+-------+-------++-------
Melee: Trident           |   176 |   315 |    68 ||   559
 Abil: Spit Poison       |     2 |     5 |     2 ||     9
  Use: Scroll            |       |     7 |     3 ||    10
       Potion            |       |     4 |     4 ||     8
 Stab: Distracted        |       |       |     1 ||     1
  Eat: Chunk             |     1 |     9 |     1 ||    11
